 Dungeon Crawl Stone Soup version 0.28.0-43-g3370ac3207 (webtiles) character file.

Game seed: 1211699742082257724

215 issech the Cudgeller (level 5, -2/53 HPs)
             Began as a Troll Monk on Mar 22, 2022.
             Slain by an orc priest
             ... wielding a +0 flail
              (8 damage)
             ... on level 4 of the Dungeon.
             The game lasted 00:06:36 (2014 turns).

issech the Cudgeller (Troll Monk)                   Turns: 2014, Time: 00:06:37

Health: -2/53      AC:  4    Str: 19    XL:     5   Next: 60%
Magic:  4/4        EV: 10    Int:  6    God:
Gold:   184        SH:  0    Dex: 14    Spells: 4/4 levels left

rFire   . . .      SeeInvis .   r - +2 mace
rCold   . . .      Faith    .   (no shield)
rNeg    . . .      Spirit   .   q - +0 animal skin
rPois   .          Reflect  .   (helmet restricted)
rElec   .          Harm     .   (no cloak)
rCorr   .          Rampage  .   (gloves unavailable)
Will    .....                   (boots unavailable)
Stlth   ++........              (no amulet)
HPRegen 0.97/turn               (no ring)
MPRegen 0.09/turn               (no ring)

@: no status effects
A: large, unfitting armour, claws 3, regeneration 1, shaggy fur 1, tough skin 1
a: no special abilities


You were on level 4 of the Dungeon.
You visited 1 branch of the dungeon, and saw 4 of its levels.

You collected 184 gold pieces.

Inventory:

Hand Weapons
 a - a +0 mace
 n - a +0 hunting sling
 r - a +2 mace (weapon)
Missiles
 g - 13 bolts
 h - 20 arrows
 i - 105 stones
 k - 3 boomerangs of dispersal
 m - 15 poisoned darts
 u - 6 boomerangs (quivered)
Armour
 b - a +0 robe
 q - a +0 animal skin (worn)
Jewellery
 e - a ring of fire
Scrolls
 d - 2 scrolls of teleportation {unknown}
 l - a scroll of holy word {unknown}
 o - a scroll of blinking {unknown}
 p - a scroll of identify {unknown}
 s - a scroll of immolation {unknown}
 t - a scroll of fog {unknown}
 v - 2 scrolls of magic mapping {unknown}
Potions
 c - a potion of cancellation {unknown}
 f - a potion of haste {unknown}
 j - a potion of heal wounds {unknown}


   Skills:
 + Level 3.4 Fighting
 + Level 4.4 Maces & Flails
 + Level 3.1 Dodging
 + Level 1.3 Stealth


You had 4 spell levels left.
You didn't know any spells.
Your spell library contained the following spells:

 Spells                   Type           Power      Damage    Failure   Level
 Sting                    Tmut/Pois      0%         1d3       45%         1


Dungeon Overview and Level Annotations

Branches:
Dungeon (4/15)
 Temple: D:4-7

Altars:
Ashenzari
Sif Muna
Trog


Innate Abilities, Weirdness & Mutations

You are too large for most types of armour.
You have claws for hands.
Your natural rate of healing is unusually fast.
You are covered in fur. (AC +1)
You have tough skin. (AC +1)


Message History

The orc wizard mumbles some strange words.
The orc wizard flickers and vanishes!
Deactivating autopickup; reactivate with Ctrl-A.
You sock something!
Reactivating autopickup.
You feel a bit more experienced.
You hit the orc.
The orc is severely wounded.
The orc hits you with a +0 short sword.
You closely miss the orc.
The orc is severely wounded.
The orc closely misses you. x2
You thump the orc!
You kill the orc!
Unknown command.
You hit the endoplasm.
The endoplasm is almost dead.
The endoplasm freezes you.
You are frozen.
You hit the endoplasm.
You kill the endoplasm!
The orc priest mumbles some strange prayers to Beogh against you.
Beogh smites you!
The orc priest mumbles some strange prayers to Beogh against you.
Pain shoots through your body!
Items here: )) [ ††.
You hit the orc priest.
The orc priest is lightly wounded.
The orc priest invokes the aid of Beogh against you.
Beogh smites you!
* * * LOW HITPOINT WARNING * * *
The orc priest hits you with a +0 flail.
* * * LOW HITPOINT WARNING * * *
You hit the orc priest.
The orc priest is moderately wounded.
The orc priest barely misses you.
You hit the orc priest.
The orc priest is moderately wounded.
The orc priest hits you with a +0 flail!
You die...

#..........##...
#..........###..
#...)).....'....
#....#.....#####
#....#.....'....
#....#.....#####
#....#.....#
#########....#.....#
......o@'....'.....#
#########....#.....#
#....#.....#
#....#.....#
#....#.....#
#....####### ######


You could see an orc priest.

Vanquished Creatures
  Jessica (D:2)
  An orc wizard (D:4)
  A scorpion zombie (D:3)
  A gnoll (D:3)
  4 adders
  2 white imps (D:3)
  A worm (D:2)
  3 dart slugs
  3 orcs
  12 endoplasms
  A giant cockroach (D:1)
  8 goblins
  7 hobgoblins
  3 jackals
  3 kobolds
  A quokka (D:3)
  6 ball pythons
  4 bats
  2 frilled lizards (D:3)
  4 rats
68 creatures vanquished.

Notes
Turn   | Place    | Note
-------+----------+-------------------------------------------
     0 | D:1      | issech the Troll Monk began the quest for the Orb.
     0 | D:1      | Reached XP level 1. HP: 22/22 MP: 0/0
    52 | D:1      | Reached XP level 2. HP: 29/29 MP: 1/1
   170 | D:1      | Reached skill level 3 in Maces & Flails
   356 | D:1      | Reached XP level 3. HP: 32/36 MP: 2/2
   719 | D:2      | Noticed Jessica
   730 | D:2      | Killed Jessica
   731 | D:2      | Reached XP level 4. HP: 44/44 MP: 3/3
  1201 | D:3      | Found a shimmering blue altar of Sif Muna.
  1215 | D:3      | Got Sif Muna's Grimoire of Venom
  1221 | D:3      | Found a bloodstained altar of Trog.
  1382 | D:3      | Reached skill level 4 in Maces & Flails
  1450 | D:3      | Reached XP level 5. HP: 37/53 MP: 4/4
  1563 | D:3      | Found a faded altar of an unknown god.
  1568 | D:3      | Found a broken altar of Ashenzari.
  2014 | D:4      | Slain by an orc priest

Illustrated notes

Levels and vault maps discovered:
D:1:      mrwooster_arrival_statue_3, layout_rooms
D:2:      layout_rooms, uniq_jessica
D:3:      minmay_chambers_of_twos, layout_loops_ring,
          mainiacjoe_overflow_alcove_1, nzn_overflow_gifts_of_might_and_magic,
          ebering_ecumenical_altar_rust
D:4:      layout_basic, lemuel_crystal_altar, uniq_duvessa

Skill      XL: |  1  2  3  4 |
---------------+-------------+-----
Maces & Flails | 3 4 |  4.4
Dodging        | 3 |  3.1
Fighting       | 3 |  3.4
Stealth        | |  1.3

Action                   |  1- 3 |  4- 6 || total
-------------------------+-------+-------++-------
Melee: Mace              |   117 |   123 ||   240
       Punch             |     2 |     1 ||     3
Throw: Boomerang         |       |     1 ||     1
 Stab: Sleeping          |     2 |     2 ||     4
Armor: Robe              |    51 |    20 ||    71
       Animal skin       |       |    20 ||    20
Dodge: Dodged            |    68 |    72 ||   140
